 Dungeon Crawl Stone Soup version 0.28-a0-925-gd5e1996cdb (webtiles) character file.

Game seed: 10396515639926450873

56 gigimoi the Ducker (level 3, -2/17 HPs)
             Began as a Felid Berserker on Nov 26, 2021.
             Was a Follower of Trog.
             Slain by an adder (4 damage)
             ... on level 3 of the Dungeon.
             The game lasted 00:02:53 (1912 turns).

gigimoi the Ducker (Felid Berserker)                Turns: 1912, Time: 00:02:53

Health: -2/17      AC:  1    Str: 13    XL:     3   Next: 69%
Magic:  4/4        EV: 19    Int:  8    God:    Trog [*.....]
Gold:   87         SH:  5    Dex: 16    Spells: 2/2 levels left
                                        Lives:  0   Deaths: 0

rFire   . . .      SeeInvis +     - Unarmed
rCold   . . .      Faith    .   (shield unavailable)
rNeg    + . .      Spirit   .   (armour unavailable)
rPois   .          Reflect  +   (helmet unavailable)
rElec   .          Harm     .   (cloak unavailable)
rCorr   .          Rampage  .   (gloves unavailable)
Will    .....                   (boots unavailable)
Stlth   ++........              g - amulet of reflection
HPRegen 0.05/turn               b - ring of positive energy
MPRegen 0.09/turn               (no ring)

@: lethally poisoned (-2 -> -3), quick
A: very small, claws 1, fangs 3, see invisible, speed 1, shaggy fur 1, stealthy
paws, no weapons or thrown items, no armour, multi-lived
a: Renounce Religion, Berserk


You were on level 3 of the Dungeon.
You worshipped Trog.
Trog was aware of your devotion.
You visited 1 branch of the dungeon, and saw 3 of its levels.

You collected 87 gold pieces.

Inventory:

Jewellery
 b - a ring of positive energy (left paw)
 g - an amulet of reflection (around neck)
Scrolls
 a - a scroll of identify {unknown}
 h - a scroll of fog {unknown}
Potions
 c - 3 potions of curing {unknown}
 d - a potion of invisibility {unknown}
 e - a potion of degeneration {unknown}
 f - 2 potions of heal wounds {unknown}
 i - a potion of mutation {unknown}
 j - a potion of haste {unknown}


   Skills:
 * Level 3.4 Fighting
 * Level 4.6 Dodging
 * Level 2.2 Stealth
 * Level 3.5 Unarmed Combat


You had 2 spell levels left.
You didn't know any spells.
Your spell library was empty.

Dungeon Overview and Level Annotations

Branches:
Dungeon (3/15)

Altars:

Shops:
D:1 =


Innate Abilities, Weirdness & Mutations

You have sharp claws.
You have razor-sharp teeth.
You have supernaturally acute eyesight. (SInv)
You cover ground quickly. (Speed+)
You are covered in fur. (AC +1)
Your paws help you pounce on unaware monsters.
You are incapable of wielding weapons or throwing items.
You cannot wear armour.
You gain extra lives every three experience levels.


Message History

You barely miss the hobgoblin. The hobgoblin misses you.
You scratch the hobgoblin.
You kill the hobgoblin!
Trog accepts your kill. The adder misses you.
You scratch the adder but do no damage. Your bite misses the adder.
The adder bites you.
You are poisoned.
The adder poisons you!
You are too injured to fight recklessly!
You are too injured to fight recklessly!
You are too injured to fight recklessly!
You are too injured to fight recklessly!
You are too injured to fight recklessly!
You are too injured to fight recklessly!
You are too injured to fight recklessly!
You are too injured to fight recklessly!
You are too injured to fight recklessly!
You are too injured to fight recklessly!
You are too injured to fight recklessly!
You are too injured to fight recklessly!
You are too injured to fight recklessly!
You are too injured to fight recklessly!
You are too injured to fight recklessly!
You are too injured to fight recklessly!
You are too injured to fight recklessly!
You scratch the adder.
The adder is lightly wounded.
You feel sick. The adder misses you. The frilled lizard bites you.
* * * LOW HITPOINT WARNING * * *
You miss the adder.
The adder is lightly wounded.
* * * LOW HITPOINT WARNING * * *
You feel sick. The adder closely misses you.
The frilled lizard barely misses you.
You scratch the adder but do no damage.
The adder is lightly wounded.
* * * LOW HITPOINT WARNING * * *
You feel sick. The adder bites you.
You die...

#..# .# #..##.# #..##.##
...... #.##.# ##.##.##
##.#....#######
##########.##..:........
........#.####..@S####
###......## #.)l..#
....#...#.###..........
######.....##.......###
#.........#.......#
#.########.#.....## #.#
####...## ###.# #####
....#


You could see an adder and a frilled lizard.

Vanquished Creatures
  2 adders (D:3)
  3 dart slugs (D:1)
  4 ball pythons
  3 giant cockroaches
  4 goblins
  4 hobgoblins
  3 kobolds
  A quokka (D:1)
  3 bats (D:2)
  2 frilled lizards (D:3)
  2 rats
31 creatures vanquished.

Notes
Turn   | Place    | Note
-------+----------+-------------------------------------------
     0 | D:1      | gigimoi the Felid Berserker began the quest for the Orb.
     0 | D:1      | Reached XP level 1. HP: 10/10 MP: 2/2
   107 | D:1      | Reached skill level 1 in Stealth
   166 | D:1      | Reached XP level 2. HP: 11/14 MP: 3/3
   352 | D:1      | Found Kuprosch's Jewellery Shoppe.
  1270 | D:2      | Reached XP level 3. HP: 17/17 MP: 4/4
  1912 | D:3      | Slain by an adder

Illustrated notes

Levels and vault maps discovered:
D:1:      tarquinn_simple_flora_water_a, layout_rooms, serial_shops,
          nicolae_shop_trees
D:2:      layout_basic, moated_statue
D:3:      layout_loops_ring, dk_noncrumbling_4

Skill      XL: |  1  2  3 |
---------------+----------+-----
Stealth        | 1 2 |  2.2
Fighting       | |  3.4
Dodging        | |  4.6
Unarmed Combat | |  3.5

Action                   || total
-------------------------++-------
Melee: Unarmed           ||    74
       Bite              ||     5
       Punch             ||     1
Invok: Berserk           ||     1
 Stab: Sleeping          ||     7
Armor: Skin              ||     1
Dodge: Dodged            ||    46
Block: Other             ||     1

Table legend: (Time is in decaauts)
 A = Elapsed time spent in this place.
 B = Non-inter-level travel time spent in this place.
 C = Inter-level travel time spent in this place.
 D = Time resting spent in this place.
 E = Time spent auto-exploring this place.
 F = Levels seen in this place.
 G = Mean time per level.
                   A        B        C        D        E       F      G
               +--------+--------+--------+--------+--------+-----+--------+
         Total |   1716 |   1689 |     27 |    492 |    978 |   3 |  572.0 |
       Dungeon |   1716 |   1689 |     27 |    492 |    978 |   3 |  572.0 |
               +--------+--------+--------+--------+--------+-----+--------+

Top non-repeatable levels by time:
     D:2: 886 daAuts
     D:1: 440 daAuts
     D:3: 389 daAuts
